 Dungeon Crawl Stone Soup version 0.27.0-1-g7a089689b8 (webtiles) character file.

Game seed: 4696246348217301365

109 Hypnoxylon the Gusty (level 4, 0/35 HPs)
             Began as a Draconian Air Elementalist on Aug 3, 2021.
             Killed by divine providence
             ... invoked by an orc priest
              (15 damage)
             ... on level 3 of the Dungeon.
             The game lasted 00:08:57 (3295 turns).

Hypnoxylon the Gusty (Draconian Air Elementalist)   Turns: 3295, Time: 00:08:58

Health: 0/35       AC:  6    Str: 11    XL:     4   Next: 59%
Magic:  3/7        EV: 12    Int: 16    God:
Gold:   51         SH:  0    Dex: 11    Spells: 1/7 levels left

rFire    . . .     SeeInvis .   a - staff of air
rCold    . . .     Faith    .   (no shield)
rNeg     . . .     Spirit   .   (armour unavailable)
rPois    .         Reflect  .   (helmet restricted)
rElec    +         Harm     .   (no cloak)
rCorr    .         Rampage  .   e - +0 pair of gloves
Will     .....                  (no boots)
Stlth    ++........             (no amulet)
HPRegen  0.11/turn              (no ring)
MPRegen  0.10/turn              (no ring)

@: no status effects
A: AC +5, unfitting armour, cold-blooded
a: no special abilities


You were on level 3 of the Dungeon.
You visited 1 branch of the dungeon, and saw 3 of its levels.

You collected 51 gold pieces.


Innate Abilities, Weirdness & Mutations

Your plain brown scales are hard. (AC +5)
You cannot fit into any form of body armour.
You are cold-blooded and may be slowed by cold attacks.


   Skills:
 - Level 1.0 Fighting
 - Level 1.0 Staves
 - Level 1.7 Dodging
 - Level 1.7 Stealth
 - Level 2.1 Spellcasting
 * Level 2.7 Conjurations
 * Level 4.0 Air Magic
 - Level 1.0 Evocations


You had one spell level left.
You knew the following spells:

 Your Spells              Type           Power      Damage    Failure   Level
d - Static Discharge      Conj/Air       18%        N/A       8%          2
z - Shock                 Conj/Air       72%        1d7       4%          1
S - Swiftness             Air            21%        N/A       12%         3

Your spell library contained the following spells:

 Spells                   Type           Power      Damage    Failure   Level
 Airstrike                Air            10%        N/A       36%         4
 Gell's Gravitas          Tloc           0%         N/A       52%         3
 Lesser Beckoning         Tloc           0%         N/A       52%         3
 Teleport Other           Tloc           1%         N/A       52%         3

Inventory:

Hand Weapons
 b - a +3 dagger of venom
Missiles
 d - 81 stones
 h - 25 sling bullets
Armour
 e - a +0 pair of gloves (worn)
Magical Staves
 a - a staff of air (weapon)
Scrolls
 f - a scroll of fog {unknown}
 r - a scroll of identify
Potions
 c - a potion of mutation {!q}
 g - 2 potions of lignification


Message History

You feel a surge of power!
The zap hits the orc.
The orc is heavily wounded.
The orc priest calls down the wrath of Beogh upon you.
Beogh smites you!
Aiming: Shock (safe; 5% risk of failure)
Press: ? - help, Q - select action, (/) - cycle Shift-Dir - straight line, f/p - orc
Aim: an orc, wielding a +0 flail (heavily wounded, 71% to hit)
You feel a surge of power!
The zap misses the orc.
The orc priest looks braver for a moment.
An orc priest comes into view. It is wielding a +0 club.
There is an open door here.
You close the door.
An orc opens the door.
Casting: Shock (safe; 5% risk of failure)
Confirm with . or Enter, or press ? or * to list all spells.
You feel a surge of power!
The orc is struck by an arc of lightning.
You kill the orc!
The lightning grounds out.
* * * LOW MAGIC WARNING * * *
Casting: Static Discharge (safe; 8% risk of failure)
Confirm with . or Enter, or press ? or * to list all spells.
You don't have enough magic to cast this spell.
Casting: Static Discharge (safe; 8% risk of failure)
Confirm with . or Enter, or press ? or * to list all spells.
You don't have enough magic to cast this spell.
There is a stone staircase leading up here.
You hit the orc but do no damage.
The orc is electrocuted.
Your tail-slap misses the orc.
The orc is lightly wounded.
The orc barely misses you.
Casting: Static Discharge (safe; 8% risk of failure)
Confirm with . or Enter, or press ? or * to list all spells.
Okay, then.
The orc hits you with a +0 mace.
A kobold comes into view. It is wielding a +0 short sword.
The orc barely misses you.
The orc priest casts a cantrip, but nothing happens.
The orc priest invokes the aid of Beogh against you.
Beogh smites you!
You die...

######## ######### ##
#......# #.......#
.....#......#####.##.#..#
.....#......#........#..####
..)..'.....%o.o#.#...#.....#
....#......#..#.#.#.#.###.#
...........#@.#.#>......#.#
##.......#..#o#...#.#.#.#
##....o..#<.#....##.#...#
#...o....#..###.....###.#
##.......#..............#
.......#####.#...........#
#.###....# #.#...........#
)o...# #.#.........).#
...#.## #.#........)..#


You could see an orc priest and an orc.

Vanquished Creatures
  An orc wizard (D:3)
  2 adders (D:2)
  A worm (D:3)
  A dart slug (D:2)
  7 orcs (D:3)
  10 bats
  4 endoplasms
  2 giant cockroaches (D:1)
  3 goblins
  2 hobgoblins (D:1)
  6 kobolds
  6 ball pythons
  5 frilled lizards
  7 rats
57 creatures vanquished.

Notes
Turn   | Place    | Note
-------+----------+-------------------------------------------
     0 | D:1      | Hypnoxylon the Draconian Air Elementalist began the quest
                  | for the Orb.
     0 | D:1      | Reached XP level 1. HP: 14/14 MP: 3/3
   510 | D:1      | Reached XP level 2. HP: 22/22 MP: 1/5
   567 | D:1      | Learned a level 2 spell: Static Discharge
   974 | D:1      | Reached skill level 1 in Fighting
  1460 | D:2      | Found Vaotohabe's Distillery.
  1782 | D:2      | Found Acetz's Weapon Shop.
  1897 | D:2      | Reached XP level 3. HP: 28/28 MP: 2/6
  2070 | D:2      | Found Edoguic's Weapon Boutique.
  2273 | D:2      | Found a faded altar of an unknown god.
  2304 | D:2      | Noticed an eye of devastation
  2310 | D:2      | Noticed a great orb of eyes
  2313 | D:2      | Noticed an eye of devastation
  2313 | D:2      | Noticed a golden eye
  2496 | D:2      | Found Kaojuno's Book Shoppe.
  2642 | D:2      | Learned a level 3 spell: Swiftness
  2688 | D:3      | Found a snail-covered altar of Cheibriados.
  2968 | D:3      | Reached XP level 4. HP: 35/35 MP: 5/7
  3153 | D:3      | Reached skill level 1 in Staves
  3153 | D:3      | Reached skill level 4 in Air Magic
  3153 | D:3      | Reached skill level 1 in Evocations
  3295 | D:3      | Killed from afar by an orc priest

Levels and vault maps discovered:
D:1:      lightli_molten_gateway, layout_loops_ring, roderic_serpentine_path
D:2:      layout_basic, hellmonk_ecumenical_altar_watching_god, serial_shops,
          shop, nicolae_square_shop, shop, shop
D:3:      layout_basic, slow_altar_1

Action                   |  1- 3 |  4- 6 || total
-------------------------+-------+-------++-------
Melee: Unarmed           |     6 |       ||     6
       Staff             |    15 |     1 ||    16
       Dagger            |     5 |       ||     5
       Tailslap          |     3 |       ||     3
 Cast: Shock             |    79 |    18 ||    97
       Static Discharge  |       |     4 ||     4
  Use: Scroll            |     6 |       ||     6
Armor: Skin              |    13 |     1 ||    14
Dodge: Dodged            |    26 |     2 ||    28
